AoeStats
← aDT_The Night Panda

African Clearing

504510015Analyzed
2v2 RM · 26d ago on Sep 5, 2026· 27m 12s· 4 players
Game mode
Random Map
Map size
Medium (4 player)
Population
200
Speed
Normal
Resources
Standard
Victory
Conquest
Starting age
Dark Age
Ending age
Imperial Age
RankedLock teamsTeams togetherTeam positionsShared explorationLock speedFull tech treeHidden civsTurbo modeCheats
Victory
Defeat
🇩🇰 Bohemians · Denmark
1896
+14
🇩🇰 Magyars · Denmark
1726
+22
🇨🇿 Inca · Czechia
1854
-18
🇨🇿 Malians · Czechia
1845
-18
aDT_The Night Panda
11:50 Feudal Age
11:12 Loom
16:25 Castle Age
18:42 Double-Bit Axe
24:07 Scale Barding Armor
DK | Good_luck
11:11 Feudal Age
11:39 Double-Bit Axe
19:06 Castle Age
18:07 Fletching
17:59 Horse Collar
18:43 Loom
19:12 Padded Archer Armor
19:12 Crossbowman
19:47 Bodkin Arrow
20:33 Bow Saw
21:29 Ballistics
23:13 Leather Archer Armor
24:16 Chemistry
Skull
12:09 Feudal Age
11:43 Loom
16:15 Castle Age
15:01 Double-Bit Axe
20:45 Squires
26:16 Fletching
Nasup
10:09 Loom
10:31 Loom
12:55 Feudal Age
16:42 Castle Age
15:15 Champi Runner
15:58 Scale Mail Armor
16:59 Forging
17:28 Champi Warrior
18:13 Arson
21:16 Pikeman
22:16 Horse Collar
22:30 Double-Bit Axe
24:07 Squires
27:05 Chain Mail Armor
Connection lost

Rejoining the realm…

Still unreachable

The connection could not be restored.

Session expired

The server has moved on; the page needs a fresh start.